Map: Wieczne Imperium ER

Players

kers - Winner!

  • Race: Protoss Protoss
  • League: Platinum
  • Spawn Location: 1:00

FrankDrebin

  • Race: Terran Terran
  • League: Gold
  • Spawn Location: 7:00

VOD

Have the link to the VOD?

Description

Time

  • Played on: March 4, 2020, 2:25 p.m.
  • Length: 14:14
Show
View Real Time Build Order
Export as new Build Order

kers Protoss - Winner!

Build Orders:  

Get SALT Encoding   

  12  0:01  Probe  
  13  0:13  Probe  
  14  0:17  Pylon  
  14  0:25  Probe  
  15  0:37  Probe (Chrono Boost)  
  15  0:39  Gateway  
  16  0:49  Probe (Chrono Boost)  
  17  0:54  Probe (Chrono Boost)  
  17  0:56  Assimilator  
  18  1:03  Probe  
  19  1:15  Probe  
  20  1:27  Cybernetics Core  
  20  1:28  Probe  
  21  1:40  Probe  
  21  1:43  Pylon  
  22  1:52  Probe  
  22  1:54  Warp Gate  
  23  1:57  Nexus  
  23  2:04  Probe  
  24  2:10  Adept (Chrono Boost)  
  26  2:16  Probe  
  27  2:28  Probe  
  28  2:37  Adept (Chrono Boost)  
  27  2:39  Gateway  
  27  2:40  Probe  
  30  2:49  Pylon  
  30  2:53  Pylon  
  30  3:07  Probe  
  30  3:09  Gateway  
  30  3:12  Gateway  
  29  3:14  Gateway  
  29  3:18  Stalker (Chrono Boost)  
  29  3:19  Probe  
  32  3:31  Probe  
  33  3:43  Probe  
  33  3:44  Stalker  
  36  3:49  Assimilator  
  36  3:53  Stalker  
  36  3:55  Probe  
  37  4:04  Stalker  
  37  4:07  Robotics Facility  
  39  4:17  Pylon  
  39  4:18  Pylon  
  39  4:22  Pylon  
  39  4:39  Stalker  
  39  4:40  Stalker  
  39  4:42  Zealot  
  45  4:52  Stalker  
  47  5:01  Probe  
  46  5:13  Probe  
  47  5:26  Nexus, Observer (Chrono Boost)  
  48  5:32  Pylon  
  48  5:37  Probe  
  49  5:44  Immortal (Chrono Boost)  
  49  5:49  Probe, Twilight Council  
  54  6:00  Assimilator  
  54  6:01  Probe  
  55  6:05  Pylon, Assimilator  
  55  6:11  Forge  
  55  6:15  Probe  
  56  6:21  Observer  
  57  6:27  Probe  
  58  6:36  Sentry  
  58  6:37  Sentry  
  58  6:39  Probe  
  63  6:49  Protoss Ground Weapons Level 1  
  63  6:50  Probe  
  63  6:51  Probe  
  65  7:02  Probe  
  65  7:03  Probe  
  65  7:06  Immortal  
  71  7:13  Pylon  
  71  7:14  Probe  
  72  7:15  Probe  
  72  7:17  Pylon  
  73  7:27  Stalker x4  
  81  7:36  Photon Cannon  
  81  7:39  Photon Cannon  
  81  7:40  Probe x2  
  83  7:52  Probe x2  
  83  7:54  Templar Archives  
  83  7:56  Blink  
  85  7:59  Sentry  
  85  8:04  Probe x2  
  89  8:16  Probe x2  
  89  8:19  Photon Cannon  
  90  8:28  Probe x2, Pylon  
  90  8:29  Warp Prism  
  90  8:32  High Templar, Pylon  
  90  8:34  High Templar, Pylon  
  98  8:40  High Templar  
  100  8:58  Nexus  
  100  9:01  Pylon  
  100  9:04  Probe x2, Protoss Ground Armor Level 1 (Chrono Boost)  
  102  9:16  Probe x2  
  104  9:21  High Templar x2  
  108  9:28  Archon x2  
  108  9:32  Stalker x2  
  108  9:37  Probe x2  
  114  9:43  Assimilator  
  114  9:45  Psionic Storm  
  114  9:47  Assimilator  
  114  9:49  Probe x2, Photon Cannon  
  116  9:53  Photon Cannon  
  116  10:01  Probe x2  
  116  10:05  Pylon  
  116  10:06  Pylon x2, Sentry  
  120  10:13  Probe  
  121  10:18  Probe x2  
  123  10:25  Probe, High Templar x2  
  128  10:30  Probe  
  129  10:36  Gateway  
  129  10:37  Gateway  
  129  10:42  Gateway  
  128  10:48  Probe x3  
  131  10:57  Pylon  
  131  10:59  Archon  
  131  11:00  Probe x3, Pylon  
  131  11:01  Protoss Ground Weapons Level 2 (Chrono Boost), High Templar x4  
  142  11:06  Zealot  
  144  11:23  Phoenix  
  144  11:26  Probe  
  144  11:27  Probe x2  
  147  11:34  Pylon  
  147  11:36  Pylon, Zealot x5  
  147  11:37  Zealot x2  
  147  11:38  Probe  
  147  11:39  Probe x2  
  164  11:49  Gateway  
  164  11:51  Gateway  
  164  11:53  Gateway, High Templar  
  152  11:55  Gateway, Archon  
  152  11:56  Archon  
  152  12:00  Charge (Chrono Boost)  
  152  12:03  Zealot x3  
  152  12:04  Zealot x4  
  164  12:19  Warp Prism (Chrono Boost)  
  154  12:28  High Templar x3  
  154  12:29  High Templar x2  
  164  12:32  Archon  
  164  12:33  Archon  
  164  12:34  Archon  
  164  12:36  High Templar  
  162  12:58  Zealot x5  
  164  12:59  Zealot  
  166  13:32  Zealot x6  
  166  13:33  Zealot x4  
  180  13:55  Archon  
  178  13:57  High Templar x2  
  178  13:58  High Templar x6  
  190  14:04  Archon  
Show
View Real Time Build Order
Export as new Build Order

FrankDrebin Terran 

Build Orders:  

Get SALT Encoding   

  12  0:01  SCV  
  13  0:13  SCV  
  14  0:25  SCV  
  14  0:26  Supply Depot  
  15  0:49  Barracks  
  15  0:54  Barracks  
  15  1:07  Barracks  
  15  1:11  SCV  
  16  1:23  SCV  
  17  1:35  SCV  
  18  1:42  Marine x2  
  20  1:58  Supply Depot  
  20  2:00  Marine x2  
  22  2:17  Marine, Bunker  
  22  2:19  Marine  
  24  2:29  Refinery  
  24  2:35  Marine  
  25  2:37  Marine  
  26  2:52  Bunker  
  26  2:53  Marine  
  26  2:55  Marine  
  27  3:11  Marine  
  27  3:12  Marine  
  28  3:26  SCV  
  29  3:29  Marine  
  29  3:30  Marine  
  29  3:32  Supply Depot  
  31  3:49  Marine  
  31  3:51  SCV  
  29  3:59  Command Center  
  29  4:06  Marine  
  29  4:07  Marine  
  31  4:14  Bunker  
  31  4:15  SCV  
  32  4:24  Marine  
  32  4:25  Marine  
  33  4:40  Orbital Command  
  33  4:42  Marine  
  35  4:46  Bunker  
  34  4:58  Engineering Bay  
  34  5:02  Refinery  
  34  5:07  Refinery  
  34  5:08  Barracks Tech Lab  
  28  5:14  Refinery  
  28  5:21  Orbital Command  
  28  5:32  Marine  
  28  5:33  Factory  
  29  5:37  Barracks Tech Lab  
  29  5:47  SCV  
  29  5:49  Marine  
  31  5:57  Stimpack  
  31  5:59  SCV  
  31  6:00  Marauder  
  34  6:10  SCV  
  35  6:11  SCV  
  35  6:17  Factory Tech Lab  
  36  6:21  Starport  
  36  6:22  Marauder  
  36  6:24  Marauder  
  36  6:25  SCV  
  41  6:32  Barracks Reactor  
  41  6:35  Supply Depot, Terran Infantry Weapons Level 1  
  41  6:37  SCV  
  42  6:47  Siege Tank  
  42  6:49  SCV x2  
  47  7:01  SCV x2  
  47  7:03  Missile Turret  
  47  7:05  Starport Tech Lab  
  49  7:10  Missile Turret  
  49  7:13  SCV  
  50  7:17  Supply Depot  
  50  7:25  SCV, Engineering Bay  
  51  7:37  SCV  
  51  7:38  Marauder  
  51  7:39  Marauder  
  51  7:42  Cloaking Field  
  56  7:50  SCV  
  57  7:53  SCV, Missile Turret  
  58  7:59  Supply Depot  
  58  8:01  Terran Infantry Armor Level 1  
  58  8:02  SCV  
  58  8:04  Banshee  
  62  8:13  SCV  
  62  8:14  SCV  
  62  8:16  Missile Turret  
  64  8:26  SCV, Marauder  
  67  8:27  Marauder  
  69  8:36  Supply Depot  
  69  8:38  SCV  
  70  8:46  Armory  
  70  8:47  Banshee  
  73  8:50  SCV  
  76  8:55  Marauder  
  76  8:56  Marauder  
  76  9:00  Supply Depot  
  76  9:02  SCV, Siege Tank  
  82  9:14  SCV  
  85  9:17  Marauder  
  85  9:24  Supply Depot  
  85  9:26  SCV  
  85  9:30  Medivac  
  88  9:31  Barracks  
  88  9:38  SCV  
  88  9:43  Widow Mine  
  88  9:45  Marine, Marauder  
  94  9:46  Command Center  
  94  9:53  Supply Depot  
  94  10:00  Medivac  
  94  10:01  Terran Infantry Weapons Level 2  
  94  10:04  Sensor Tower, Refinery  
  94  10:06  Marauder  
  98  10:16  Supply Depot  
  98  10:28  Marauder  
  97  10:47  Marauder  
  97  10:49  Concussive Shells, Marauder  
  98  10:51  Combat Shield  
  98  10:56  Medivac  
  100  10:59  Planetary Fortress  
  100  11:01  Refinery  
  100  11:04  Barracks Reactor  
  100  11:08  Barracks, Marauder  
  100  11:10  Marauder  
  104  11:12  Reaper  
  104  11:13  Marine  
  106  11:26  Terran Infantry Armor Level 2  
  106  11:29  Marauder  
  106  11:32  Marauder  
  110  11:36  Marine  
  111  11:41  Hellion  
  111  11:44  SCV, Marine  
  115  11:51  Marauder  
  115  11:53  Marauder  
  117  11:56  SCV  
  118  12:04  Marine x2  
  118  12:06  Medivac  
  118  12:08  SCV  
  123  12:12  Marauder  
  123  12:14  Marauder  
  127  12:20  SCV  
  128  12:32  SCV  
  128  12:34  Marauder  
  128  12:36  Marauder  
  133  12:40  Supply Depot  
  133  12:47  Command Center  
  133  12:59  SCV  
  133  13:01  Medivac, Marauder x2  
  133  13:03  Supply Depot  
  135  13:10  Marine x2  
  135  13:11  SCV  
  134  13:23  SCV, Marauder x2  
  112  13:27  Supply Depot  
  112  13:31  Medivac  
  112  13:33  Marine x3  
  112  13:34  Marine  
  90  13:44  Marauder x2  
Tags
 
Add a new tag
Caveats
  • Supply blocks, unpowered buildings, or Contaminate may cause inaccurate times.
  • Supply counts are checked every 10 seconds.